 Dungeon Crawl Stone Soup version 0.27.1-33-g824d729ab1 (webtiles) character file.

Game seed: 2792858838757420556

26663 unlimited1921 the Quickloader (level 13, -1/108 HPs)
             Began as a Hill Orc Fire Elementalist on Dec 11, 2021.
             Was an Initiate of Gozag.
             Shot with an arrow by Nessos (17 damage)
             ... on level 15 of the Dungeon on Dec 16, 2021.
             The game lasted 03:35:16 (36186 turns).

unlimited1921 the Quickloader (HOFE)               Turns: 36186, Time: 03:35:27

Health: -1/108     AC: 15    Str: 15    XL:     13   Next: 27%
Magic:  23/25      EV: 14    Int: 16    God:    Gozag
Gold:   1582       SH:  0    Dex: 17    Spells: 11/29 levels left

rFire    . . .     SeeInvis .   e - +4 arbalest (flame)
rCold    . . .     Faith    .   (shield currently unavailable)
rNeg     . . .     Spirit   .   r - +3 leather armour {Will+}
rPois    .         Reflect  .   A - +0 helmet
rElec    .         Harm     .   q - +2 cloak
rCorr    +         Rampage  .   g - +2 pair of gloves
Will     +....                  v - +0 pair of boots
Stlth    ++........             Z - amulet of regeneration
HPRegen  1.28/turn              o - +6 ring of dexterity
MPRegen  0.19/turn              H - ring of resist corrosion

@: lethally poisoned (-1 -> -13), about to teleport, studying Maces & Flails
A: no striking features
a: Renounce Religion, Potion Petition, Call Merchant, Bribe Branch


You were on level 15 of the Dungeon.
You worshipped Gozag.
Gozag was most pleased with you.
You visited 2 branches of the dungeon, and saw 15 of its levels.

You collected 2431 gold pieces.
You spent 102 gold pieces at shops.
You paid 747 gold pieces to Gozag.

Inventory:

Hand Weapons
 e - a +4 arbalest of flaming (weapon)
 j - a +2 spear of freezing
 F - a +2 great sword of flaming
 M - a +0 longbow
 R - a +0 trident of protection
 T - a +2 spear of venom
 V - the +3 long sword of the Original Sin {freeze, +Blink Int+2 Dex+4}
   (You found it on level 10 of the Dungeon)

   It freezes those it strikes, dealing additional cold damage.
   It can also slow down cold-blooded creatures.
   Int:       It affects your intelligence (+2).
   Dex:       It affects your dexterity (+4).
   +Blink:    It lets you blink.
 W - a +1 vampiric spear
Missiles
 n - 6 javelins
 p - 43 bolts (quivered ammo)
 u - 133 arrows
 I - 21 boomerangs
 L - 82 poisoned darts
 N - a curare-tipped dart
 O - 5 throwing nets
Armour
 g - a +2 pair of gloves (worn)
 q - a +2 cloak (worn)
 r - a +3 leather armour of willpower (worn)
 v - a +0 pair of boots (worn)
 A - a +0 helmet (worn)
 X - a +2 scale mail of fire resistance
Jewellery
 h - a ring of wizardry
 k - a +6 ring of dexterity
 o - a +6 ring of dexterity (left hand)
 H - a ring of resist corrosion (right hand)
 S - a ring of flight
 U - a ring of poison resistance
 Z - an amulet of regeneration (around neck)
Wands
 b - a wand of iceblast (18) (quivered)
 l - a wand of acid (7)
 t - a wand of paralysis (9)
 x - a wand of charming (4)
 z - a wand of polymorph (9)
 B - a wand of digging (12)
Scrolls
 s - 3 scrolls of fog
 w - a scroll of magic mapping {unknown}
 y - 3 scrolls of teleportation
 G - a scroll of torment {unknown}
 J - a scroll of holy word
Potions
 c - 4 potions of flight
 d - a potion of haste {unknown}
 f - a potion of lignification
 i - 4 potions of curing
 m - 2 potions of cancellation
 D - 2 potions of brilliance {unknown}
 E - 2 potions of ambrosia
 K - 3 potions of might
 P - a potion of magic {unknown}
 Y - 3 potions of resistance
Miscellaneous
 a - a box of beasts
 C - a condenser vane


   Skills:
 + Level 8.3 Fighting
 - Level 0.5 Maces & Flails
 * Level 10.6 Crossbows
 * Level 2.7 Throwing
 + Level 5.2 Armour
 + Level 4.6 Dodging
 - Level 3.5 Stealth
 + Level 8.7 Spellcasting
 - Level 2.8 Conjurations
 - Level 5.0 Hexes
 - Level 5.0 Translocations
 - Level 8.0 Fire Magic
 - Level 0.4 Evocations


You had 11 spell levels left.
You knew the following spells:

 Your Spells              Type           Power      Damage    Failure   Level
a - Foxfire               Conj/Fire      96%        2x1d8     1%          1
b - Inner Flame           Hex/Fire       27%        N/A       2%          3
c - Gell's Gravitas       Tloc           11%        N/A       4%          3
d - Teleport Other        Tloc           23%        N/A       4%          3
e - Slow                  Hex            23%        N/A       2%          2
f - Confusing Touch       Hex            23%        N/A       4%          3
g - Conjure Flame         Conj/Fire      24%        6-21      4%          3

Your spell library contained the following spells:

 Spells                   Type           Power      Damage    Failure   Level
 Dazzling Flash           Conj/Hex       38%        N/A       8%          3
 Sticky Flame             Conj/Fire      24%        2d5       13%         4
 Iskenderun's Mystic Bla  Conj/Tloc      19%        2d6       24%         4
 Fireball                 Conj/Fire      12%        3d7       36%         5
 Yara's Violent Unravell  Hex/Tmut       7%         3d5       77%         5
 Starburst                Conj/Fire      12%        6d5       90%         6
 Dispersal                Tloc           11%        N/A       94%         6
 Chain Lightning          Conj/Air       5%         3d7       100%        9
 Fire Storm               Conj/Fire      12%        8d3       100%        9


Dungeon Overview and Level Annotations

Branches:
Dungeon (15/15)            Temple (1/1) D:4            Lair (0/6) D:11
    Orc (0/2) D:12         Depths (0/5) D:15
 Vaults: D:13-14

Altars:
Ashenzari
Cheibriados
Dithmenos
Elyvilon
Fedhas
Gozag
Hepliaklqana
Kikubaaqudgha
Makhleb
Nemelex Xobeh
Okawaru
Qazlal
Ru
Sif Muna
Trog
Uskayaw
Vehumet
Wu Jian
Xom
Yredelemnul
Zin
The Shining One

Shops:
D:10 !   D:11 (

Annotations:
D:7 2 transporters, DemonSlayer's ghost, novice TeBe
D:15 Nessos


Message History

The floor.
Unknown command.
Unknown command.
Casting: Inner Flame (mildly dangerous; 2% risk of failure)
Confirm with . or Enter, or press ? or * to list all spells.
Aiming: Inner Flame (mildly dangerous; 2% risk of failure)
Press: ? - help, Shift-Dir - straight line, f - Nessos
Aim: Nessos, wielding a +2 longbow of flaming, wearing a +0 barding and quivering arrows (chance to affect: 83%) Nessos is filled with an inner flame.
You feel very sick.
Nessos shoots an arrow.
The arrow hits you!! The arrow burns you.
You are more poisoned.
Nessos shoots an arrow.
The arrow hits you! The arrow burns you.
You are more poisoned.
Level annotation: Nessos Welcome back, unlimited1921 the Hill Orc Fire Elementalist.
Gozag says: Greed is good.
Press ? for a list of commands and other information.
Unknown command.
You feel extremely sick.
As you read the scroll of teleportation, it crumbles to dust.
You feel strangely unstable.
* * * LOW HITPOINT WARNING * * *
You feel extremely sick.
Nessos gestures wildly while chanting.
Nessos seems to speed up.
You feel better.
Nessos shoots an arrow.
The arrow hits you!
* * * LOW HITPOINT WARNING * * *
The arrow burns you.
You are poisoned.
* * * LOW HITPOINT WARNING * * *
Nessos shoots an arrow.
The arrow closely misses you.
You feel better.
Nessos shoots an arrow.
The arrow hits you!
* * * LOW HITPOINT WARNING * * *
The arrow burns you.
You are poisoned.
* * * LOW HITPOINT WARNING * * *
Nessos shoots an arrow.
The arrow hits you!
You die...
Your body crumbles into a pile of gold.

.. ..# #.# ##+## #.#
##...## ##.# ##.....## .
##..# ##.......## .).
#...####.........###.....
.......'..(......'....c..
#...####........@###.....
##...# ##.......## ...
###.# ##.....## # #.#
##...## #.# ##+## #.# .#
#.# .# #.# ##.##### #.#
##......


You could see Nessos (fast, inner flame).

Vanquished Creatures
  A stone giant (D:15)
  Harold (D:7)
  A hydra (D:8)
  4 boulder beetles
  2 centaur warriors
  2 two-headed ogres
  A death knight (D:11)
  2 deep elf pyromancers
  An orc knight (D:10)
  Pikel (D:5)
  A manticore (D:13)
  2 cyclopes
  6 ugly things
  2 unseen horrors
  A kobold demonologist (D:13)
  2 trolls
  3 slime creatures (D:12)
  A meliai zombie (D:11)
  Prince Ribbit (D:9)
  A shadow (D:9)
  A water elemental (D:11)
  A wyvern (D:8)
  3 wraiths
  A basilisk (D:13)
  22 yaks
  Grum (D:8)
  3 wargs (D:12)
  4 water moccasins
  3 acid dragons
  An ice beast (D:6)
  3 orc warriors
  2 sky beasts
  2 black bears (D:11)
  4 necrophages
  2 hornet zombies
  4 wolves (D:8)
  2 ogres (D:5)
  A centaur (D:6)
  3 phantoms (D:5)
  A lemure (D:5)
  5 kobold brigands
  2 gnoll sergeants
  4 bullfrogs
  A wyvern zombie (D:8)
  6 scorpions
  4 killer bees (D:10)
  4 howler monkeys
  2 electric eels (D:11)
  9 wights
  4 centaur zombies
  A bullfrog skeleton (D:5)
  A hound (D:6)
  6 jellies
  3 orc priests
  Crazy Yiuf (D:7)
  2 iguanas
  A human zombie (D:8)
  2 gnoll shamans
  7 orc wizards
  A scorpion zombie (D:5)
  A killer bee zombie (D:8)
  A hound skeleton (D:5)
  2 mummies
  4 howler monkey zombies
  23 gnolls
  4 adders
  A shadow imp (D:8)
  3 white imps
  An ufetubus (D:6)
  3 worms (D:2)
  2 dart slugs
  25 orcs
  9 bats
  9 endoplasms
  3 giant cockroaches
  3 goblins
  6 hobgoblins
  A jackal (D:2)
  11 kobolds
  5 quokkas
  12 ball pythons
  2 frilled lizards
  2 goblin skeletons (D:7)
  A hobgoblin zombie (D:7)
  2 kobold skeletons (D:7)
  3 kobold zombies (D:4)
  2 orc zombies
  5 rats
312 creatures vanquished.

Vanquished Creatures (others)
  A centaur zombie (D:8)
  A gnoll (D:5)
  823 foxfires
  50 fungi (D:11)
  45 plants (D:11)
920 creatures vanquished.

Grand Total: 1232 creatures vanquished

Notes
Turn   | Place    | Note
-------+----------+-------------------------------------------
     0 | D:1      | unlimited1921 the Hill Orc Fire Elementalist began the
                  | quest for the Orb.
     0 | D:1      | Reached XP level 1. HP: 14/14 MP: 3/3
   587 | D:1      | Reached XP level 2. HP: 20/20 MP: 0/4
  1236 | D:1      | Found a faded altar of an unknown god.
  3407 | D:1      | Reached XP level 3. HP: 23/26 MP: 0/5
  5206 | D:2      | Reached XP level 4. HP: 28/33 MP: 3/7
  7058 | D:2      | Identified a scroll of acquirement
  7061 | D:2      | Acquired a +1 arbalest of flaming
 10456 | D:4      | Noticed a scorpion
 10460 | D:4      | Killed a scorpion
 10461 | D:4      | Reached skill level 1 in Crossbows
 10461 | D:4      | Reached XP level 5. HP: 24/39 MP: 8/8
 10872 | D:4      | Reached skill level 2 in Crossbows
 11305 | D:4      | Reached XP level 6. HP: 46/46 MP: 2/9
 11977 | D:4      | Found a staircase to the Ecumenical Temple.
 11980 | D:4      | Noticed a necrophage
 11991 | D:4      | Killed a necrophage
 11992 | D:4      | Reached skill level 1 in Fighting
 11992 | D:4      | Reached skill level 3 in Crossbows
 12285 | Temple   | Entered the Ecumenical Temple
 13050 | D:4      | Found a shimmering blue altar of Sif Muna.
 13314 | D:5      | Entered Level 5 of the Dungeon
 13465 | D:5      | Reached XP level 7. HP: 46/52 MP: 10/10
 13741 | D:5      | Reached skill level 4 in Crossbows
 14567 | D:5      | Found a stormy altar of Qazlal.
 14678 | D:5      | Found a hazy altar of Hepliaklqana.
 14815 | D:5      | Reached skill level 5 in Fire Magic
 14911 | D:5      | Learned a level 3 spell: Inner Flame
 15083 | D:5      | Noticed Pikel
 15110 | D:5      | Found a hide-covered altar of Uskayaw.
 15214 | D:5      | Reached XP level 8. HP: 52/62 MP: 5/12
 16193 | D:5      | Killed Pikel
 16194 | D:5      | Reached skill level 1 in Hexes
 17185 | D:6      | Found a blossoming altar of Fedhas.
 17324 | D:6      | Found a broken altar of Ashenzari.
 17904 | D:6      | Reached skill level 5 in Crossbows
 17904 | D:6      | Reached XP level 9. HP: 71/71 MP: 8/14
 18413 | D:6      | Found a radiant altar of Vehumet.
 18678 | D:7      | Found an ancient bone altar of Kikubaaqudgha.
 19271 | D:7      | Found a glowing golden altar of the Shining One.
 19372 | D:7      | Found an opulent altar of Gozag.
 19379 | D:7      | Found a sacrificial altar of Ru.
 19381 | D:7      | Became a worshipper of Gozag Ym Sagoz the Greedy
 19397 | D:7      | Noticed DemonSlayer's ghost (novice TeBe)
 19434 | D:7      | Noticed a hornet
 19449 | D:7      | Found a transporter.
 19451 | D:7      | Found a transporter.
 19522 | D:7      | Noticed Harold
 19552 | D:7      | Killed Harold
 19553 | D:7      | Reached skill level 5 in Fighting
 19553 | D:7      | Reached skill level 6 in Crossbows
 20347 | D:7      | Identified the +6 mace of the Heavens {freeze, rElec}
 20666 | D:7      | Reached XP level 10. HP: 81/81 MP: 10/16
 20993 | D:7      | Found a runed translucent door.
 20994 | D:7      | Noticed Crazy Yiuf
 21012 | D:7      | Killed Crazy Yiuf
 21504 | D:7      | Learned a level 3 spell: Gell's Gravitas
 21508 | D:7      | Learned a level 3 spell: Teleport Other
 21519 | D:8      | Killed an unseen horror
 21682 | D:8      | Reached skill level 1 in Armour
 22175 | D:8      | Reached skill level 5 in Spellcasting
 22770 | D:8      | Noticed Grum
 22775 | D:8      | Killed Grum
 23526 | D:8      | Reached skill level 1 in Translocations
 24060 | D:8      | Found a basalt altar of Yredelemnul.
 24213 | D:9      | Noticed Prince Ribbit
 24220 | D:9      | Killed Prince Ribbit
 24261 | D:9      | Reached skill level 7 in Crossbows
 24987 | D:8      | Noticed a boulder beetle
 25006 | D:8      | Reached skill level 5 in Hexes
 25006 | D:8      | Reached XP level 11. HP: 70/91 MP: 6/19
 25528 | D:8      | Killed a boulder beetle
 25705 | D:8      | Noticed a centaur warrior
 25709 | D:8      | Killed a centaur warrior
 25749 | D:8      | Noticed a purple ugly thing
 25766 | D:8      | Killed a purple ugly thing
 26141 | D:8      | Noticed a seven-headed hydra
 26891 | D:8      | Killed a one-headed hydra
 27540 | D:9      | Reached skill level 8 in Crossbows
 27625 | D:9      | Noticed a two-headed ogre
 27630 | D:9      | Killed a two-headed ogre
 28049 | D:10     | Entered Level 10 of the Dungeon
 28060 | D:10     | Found a flagged portal.
 28152 | D:10     | Identified the -2 kite shield of Ycveehom {Str+3}
 28678 | D:10     | Noticed a cyclops
 28683 | D:10     | Killed a cyclops
 28806 | D:10     | Identified the +3 long sword of the Original Sin {freeze,
                  | +Blink Int+2 Dex+4}
 29615 | D:10     | Reached XP level 12. HP: 100/100 MP: 18/22
 30497 | D:11     | Noticed a death knight
 30518 | D:11     | Killed a death knight
 30782 | D:10     | Bought 2 potions of curing for 102 gold pieces
 30811 | D:11     | Noticed a two-headed ogre
 30834 | D:11     | Killed a two-headed ogre
 31312 | D:11     | Noticed a centaur warrior
 31314 | D:11     | Reached skill level 9 in Crossbows
 31321 | D:11     | Killed a centaur warrior
 31830 | D:11     | Found a staircase to the Lair.
 31886 | D:11     | Found Ajoejoeh's Weapon Shoppe.
 33644 | D:12     | Found a staircase to the Orcish Mines.
 34158 | D:12     | Reached skill level 5 in Translocations
 34413 | D:12     | Reached skill level 5 in Armour
 34700 | D:13     | Reached skill level 1 in Throwing
 34931 | D:13     | Noticed a boulder beetle
 34959 | D:13     | Killed a boulder beetle
 35313 | D:13     | You fall into a shaft and drop 2 floors!
 35313 | D:15     | Entered Level 15 of the Dungeon
 35338 | D:15     | Noticed a boulder beetle
 35355 | D:15     | Killed a boulder beetle
 35356 | D:15     | Reached skill level 10 in Crossbows
 35356 | D:15     | Reached XP level 13. HP: 71/107 MP: 21/25
 35431 | D:15     | Found a staircase to the Depths.
 35431 | D:15     | Noticed a stone giant
 35671 | D:15     | Learned a level 2 spell: Slow
 35675 | D:15     | Learned a level 3 spell: Confusing Touch
 35679 | D:15     | Learned a level 3 spell: Conjure Flame
 35899 | D:15     | Killed a stone giant
 36047 | D:15     | Identified the +4 leather armour of Idiss {rN++ Dex-3}
 36181 | D:15     | Noticed Nessos
 36186 | D:15     | Shot with an arrow by Nessos

Illustrated notes

Levels and vault maps discovered:
D:1:      heliophobic_arrival_battle_scene, layout_basic,
          ebering_ecumenical_altar_webs, serial_forest,
          infiniplex_forest_side_room, infiniplex_forest_straight_1,
          infiniplex_forest_end_2, infiniplex_forest_straight_2,
          infiniplex_forest_lined_2, infiniplex_forest_straight_2,
          infiniplex_forest_pool, infiniplex_forest_lined_1
D:2:      minmay_chambers_of_twos, layout_basic, serial_aquarium,
          aquarium_bridge_square [aquarium_subvault_window,
          aquarium_subvault_bridge, aquarium_subvault_bridge,
          aquarium_subvault_window], aquarium_bridge_square
          [aquarium_subvault_wall, aquarium_subvault_wall,
          aquarium_subvault_wall, aquarium_subvault_bridge], aquarium_window_1,
          aquarium_window_1, aquarium_window_double, aquarium_window_double,
          aquarium_view_2c, aquarium_view_2b, aquarium_pool_1, kennysheep_potato
D:3:      layout_basic, minmay_misc_feat_square
D:4:      layout_loops_ring, marbit_many_paths, minmay_temple_entry_mist,
          minmay_mini_ossuary
D:5:      layout_gridville, kennysheep_little_box,
          mainiacjoe_overflow_concentric_impassable,
          mainiacjoe_overflow_brackets, uniq_pikel
D:6:      layout_basic, mainiacjoe_overflow_large_starburst,
          nicolae_vehumet_radiance
D:7:      layout_loops_ring, mainiacjoe_overflow_alcove_1,
          nicolae_tso_besieged_by_evil, grunt_temple_overflow_open,
          gammafunk_ghost_hive, uniq_harold, uniq_crazy_yiuf_cottage
D:8:      layout_basic, lemuel_mausoleum_altar_yredelemnul,
          minmay_pinched_square, uniq_grum
D:9:      layout_small_grid, st_stairs_14, uniq_prince_ribbit1
D:10:     layout_basic, enter_bailey_2
D:11:     layout_basic, due_lair_maze_entry_diamond, serial_shops,
          nicolae_shop_behind_doors, hangedman_decor_lopped, minmay_bent
D:12:     layout_loops_corners, minmay_orc_entry_guard_dogs
D:13:     minmay_outward_triangles, layout_irregular_city, serial_shops,
          nicolae_shop_stone, nicolae_ru_the_path_less_chosen
D:15:     grunt_enter_depths_giant_problem, layout_loops_corners, uniq_nessos
Temple:   eino_temple_lava

Skill      XL: |  1  2  3  4  5  6  7  8  9 10 11 12 |
---------------+-------------------------------------+-----
Fire Magic     | 4 5 7 8 |  8.0
Spellcasting   | 2 3 4 5 7 8 |  8.7
Crossbows      | 1 2 3 4 5 6 7 8 10 | 10.6
Stealth        | 2 3 |  3.5
Fighting       | 1 2 3 5 6 7 8 |  8.3
Conjurations   | 2 |  2.8
Dodging        | 2 3 4 |  4.6
Hexes          | 2 4 5 |  5.0
Armour         | 3 4 5 |  5.2
Translocations | 1 3 5 |  5.0
Throwing       | 2 |  2.7
Maces & Flails | |  0.5
Evocations     | |  0.4

Action                   |  1- 3 |  4- 6 |  7- 9 | 10-12 | 13-15 || total
-------------------------+-------+-------+-------+-------+-------++-------
Melee: Club              |    12 |       |       |       |       ||    12
       Great sword       |       |       |       |    12 |       ||    12
       Arbalest          |       |       |       |     1 |       ||     1
 Fire: Arbalest          |       |    18 |    54 |   210 |    20 ||   302
 Cast: Foxfire           |    61 |   110 |   193 |   189 |    12 ||   565
       Inner Flame       |       |       |    26 |   161 |     9 ||   196
       Gell's Gravitas   |       |       |       |     1 |       ||     1
       Teleport Other    |       |       |       |     1 |       ||     1
Invok: Call Merchant     |       |       |       |     1 |       ||     1
 Abil: Evoke Blink       |       |       |       |     1 |       ||     1
Evoke: Wand              |       |       |     2 |     2 |       ||     4
  Use: Scroll            |       |     6 |     8 |    12 |     1 ||    27
       Potion            |       |       |     6 |     5 |     2 ||    13
Armor: Robe              |     9 |     2 |       |       |       ||    11
       Leather armour    |       |     9 |    56 |   114 |     2 ||   181
Dodge: Dodged            |     9 |    26 |    94 |   228 |    11 ||   368
       Rpst.: Great sword |       |       |       |     3 |       ||     3
